 Dungeon Crawl Stone Soup version 0.17-a0-1479-g4041c36 (webtiles) character file.

169 urechis the Skirmisher (level 5, -3/50 HPs)
             Began as a Hill Orc Fighter on July 3, 2015.
             Was an Initiate of Makhleb.
             Slain by an iguana (8 damage)
             ... on level 3 of the Dungeon.
             The game lasted 00:03:30 (2224 turns).

urechis the Skirmisher (Hill Orc Fighter)           Turns: 2224, Time: 00:03:30

Health: -3/50      AC: 11    Str: 19    XL:     5   Next: 50%
Magic:  5/5        EV:  5    Int:  8    God:    Makhleb [......]
Gold:   125        SH:  9    Dex: 11    Spells: 0 memorised, 4 levels left

rFire  . . .     SeeInvis .     b - +0 blowgun (curse)
rCold  . . .     Clarity  .     m - +0 chain mail
rNeg   . . .     SustAt   .     c - +0 shield
rPois  .         Gourm    .     (no helmet)
rElec  .         Spirit   .     (no cloak)
rCorr  .         Warding  .     o - +1 pair of gloves
rMut   .         Stasis   .     (no boots)
MR     .....                    (no amulet)
Stlth  ..........               (no ring)
                                (no ring)

@: not resistant to hostile enchantments, extremely unstealthy
A: no striking features
a: Renounce Religion


You were on level 3 of the Dungeon.
You worshipped Makhleb.
Makhleb was noncommittal.
You were near starving.

You visited 1 branch of the dungeon, and saw 3 of its levels.

You collected 125 gold pieces.

Inventory:

Hand weapons
 a - a +0 war axe
 b - a cursed +0 blowgun (weapon)
Missiles
 p - a poisoned needle (quivered)
Armour
 c - a +0 shield (worn)
 m - a +0 chain mail (worn)
 o - a +1 pair of gloves (worn)
Scrolls
 g - a scroll of identify
 h - a scroll of fear
Potions
 d - a potion of might
 f - a potion of cancellation {unknown}
 i - a potion of heal wounds {unknown}
 l - a potion of poison {unknown}
 q - a potion of brilliance {unknown}
Comestibles
 e - 2 bread rations
 j - 2 beef jerkies
 k - 3 meat rations


   Skills:
 + Level 5.7 Fighting
 + Level 5.4 Axes
 - Level 3.2 Armour
 - Level 3.2 Shields


You had 4 spell levels left.
You didn't know any spells.

Dungeon Overview and Level Annotations

Branches:
Dungeon (3/15)

Altars:
Cheibriados
Dithmenos
Gozag
Kikubaaqudgha
Makhleb
Nemelex Xobeh
Okawaru
Qazlal
Sif Muna
Yredelemnul


Message History

You barely miss the iguana. The iguana bites you.
The iguana bites you but does no damage.
You clumsily bash the iguana but do no damage.
The iguana bites you but does no damage.
The iguana bites you.
You clumsily bash the iguana but do no damage.
The iguana bites you!
* * * LOW HITPOINT WARNING * * *
You clumsily bash the iguana but do no damage.
The iguana bites you but does no damage.
The iguana barely misses you.
You clumsily bash the iguana but do no damage.
You block the iguana's attack.
You clumsily bash the iguana but do no damage.
The iguana bites you.
* * * LOW HITPOINT WARNING * * *
You block the iguana's attack.
Your shield and chain mail prevent you from hitting the iguana.
The iguana bites you!
You die...

#.# #.# #.# #########.########
........>...l....#########
#.########..................
#.#########.######.........#
#.##....# #l# ##.######.#
####.##....###@# #..# #.#
#.....+....'...# #..# #.#
#....##....##### #..# #.#
#....##....#### #..## #.#
#....)........########...# #.#
#.............+..........# #.#
#.............#######....####'#
#.............# #.....#....
#####.........# #...#.#....


You could see an iguana.

Vanquished Creatures
  Ijyb (D:2)
  Terence (D:2)
  A gnoll (D:1)
  6 adders
  An ooze (D:1)
  2 worms
  A giant gecko (D:1)
  A giant cockroach (D:3)
  3 goblins
  9 hobgoblins
  5 kobolds
  6 bats
  A giant newt (D:1)
  4 rats
42 creatures vanquished.

Notes
Turn   | Place    | Note
--------------------------------------------------------------
     0 | D:1      | urechis the Hill Orc Fighter began the quest for the Orb.
     0 | D:1      | Reached XP level 1. HP: 19/19 MP: 1/1
   383 | D:1      | Reached XP level 2. HP: 21/27 MP: 2/2
   401 | D:1      | Reached skill level 4 in Fighting
   451 | D:1      | Reached XP level 3. HP: 28/33 MP: 3/3
   497 | D:1      | Found a sparkling altar of Nemelex Xobeh.
   954 | D:2      | Noticed Ijyb
   965 | D:2      | Killed Ijyb
   965 | D:2      | Reached XP level 4. HP: 26/41 MP: 4/4
   998 | D:2      | Reached skill level 5 in Fighting
  1019 | D:2      | Noticed Terence
  1042 | D:2      | Killed Terence
  1042 | D:2      | Reached skill level 5 in Axes
  1073 | D:2      | Found an opulent altar of Gozag.
  1080 | D:2      | Found a basalt altar of Yredelemnul.
  1083 | D:2      | Found a deep blue altar of Sif Muna.
  1085 | D:2      | Found a shadowy altar of Dithmenos.
  1085 | D:2      | Found a burning altar of Makhleb.
  1091 | D:2      | Found an ancient bone altar of Kikubaaqudgha.
  1095 | D:2      | Became a worshipper of Makhleb the Destroyer
  1140 | D:2      | Reached XP level 5. HP: 43/48 MP: 5/5
  1802 | D:3      | Found an iron altar of Okawaru.
  1805 | D:3      | Found a stormy altar of Qazlal.
  1808 | D:3      | Found a snail-covered altar of Cheibriados.
  2224 | D:3      | Slain by an iguana

Vault maps used:
D:1:      denvon_arrival_waterhouse, nemelex_diamond_rough_becter
D:2:      minitemple, first_bread, uniq_terence, uniq_iyjb
D:3:      grunt_temple_overflow_diamond

Action                   |  1- 3 |  4- 6 || total
-------------------------+-------+-------++-------
Melee: War axe           |    70 |    95 ||   165
       Blowgun           |       |   234 ||   234
 Fire: Blowgun           |       |     5 ||     5
  Use: Scroll            |       |     1 ||     1
  Eat: Chunk             |       |     2 ||     2
       Pizza             |       |     1 ||     1
